 Dungeon Crawl Stone Soup version 0.19.1 (webtiles) character file.

2452 Gargoyl the Chopper (level 9, -3/75 HPs)
             Began as a Ghoul Abyssal Knight on Dec 26, 2016.
             Was a Priest of Lugonu.
             Slain by a warg (11 damage)
             ... on level 7 of the Dungeon.
             The game lasted 00:13:34 (6483 turns).

Gargoyl the Chopper (Ghoul Abyssal Knight)          Turns: 6483, Time: 00:13:35

Health: -3/75      AC: 22    Str: 17    XL:     9   Next: 50%
Magic:  12/12      EV:  6    Int:  7    God:    Lugonu [***...]
Gold:   283        SH:  0    Dex: 10    Spells: 0 memorised, 8 levels left

rFire  . . .     SeeInvis .     w - +0 broad axe
rCold  + . .     Gourm    .     e - +0 plate armour
rNeg   + + +     Faith    .     (no shield)
rPois  ∞         Spirit   .     (no helmet)
rElec  .         Reflect  .     q - +1 cloak
rCorr  .         Harm     .     c - +1 pair of gloves
MR     .....                    p - +2 pair of boots
Stlth  ..........               (no amulet)
                                (no ring)
                                b - +2 ring of protection

@: confused, rotting
A: rotting body, claws 1, carnivore 3, cold resistance 1, negative energy
resistance 3, slow regeneration 1, torment resistance, unbreathing
a: Depart the Abyss, Bend Space, Banish, Renounce Religion


You were on level 7 of the Dungeon.
You worshipped Lugonu.
Lugonu was most pleased with you.
You were not hungry.

You visited 1 branch of the dungeon, and saw 7 of its levels.
You visited the Abyss 1 time.

You collected 283 gold pieces.

Inventory:

Hand Weapons
 a - a +1 hand axe
 w - a +0 broad axe (weapon)
Missiles
 v - a javelin (quivered)
Armour
 c - a +1 pair of gloves (worn)
 e - a +0 plate armour (worn)
 p - a +2 pair of boots (worn)
 q - a +1 cloak (worn)
Jewellery
 b - a +2 ring of protection (left hand)
Wands
 m - a wand of digging (11/24)
 x - a wand of iceblast (14/15)
Scrolls
 g - a scroll of identify
 k - 3 scrolls of remove curse
 s - a scroll of amnesia
Potions
 d - a potion of flight
 f - a potion of invisibility
 h - a potion of ambrosia
 l - 2 potions of haste
 o - a potion of cure mutation {unknown}
 t - 3 potions of curing {unknown}
Books
 r - a book of Maledictions

   Spells                             Type                      Level
   a - Corona                         Hexes                        1
   b - Ensorcelled Hibernation        Hexes/Ice                    2
   c - Confuse                        Hexes                        3
   d - Tukima's Dance                 Hexes                        3
   e - Dazzling Spray                 Conjuration/Hexes            3
Comestibles
 i - 2 meat rations
 n - 2 royal jellies
 u - 2 beef jerkies


   Skills:
 + Level 6.1 Fighting
 + Level 7.2 Axes
 + Level 0.1 Throwing
 * Level 6.6 Armour
 + Level 1.1 Dodging
 * Level 5.8 Invocations


You had 8 spell levels left.
You didn't know any spells.

Dungeon Overview and Level Annotations

Branches:
Dungeon (7/15)             Temple (0/1) D:4

Altars:
Dithmenos
Fedhas
Gozag
Hepliaklqana
Kikubaaqudgha
Okawaru
Qazlal
Sif Muna
Trog
Zin
The Shining One


Innate Abilities, Weirdness & Mutations

Your body is rotting away.
You thrive on raw meat.
You are immune to poison.
You have sharp fingernails.
You are carnivorous and can eat meat at any time.
Your flesh is cold resistant. (rC+)
You are immune to negative energy. (rN+++)
You regenerate slowly when monsters are visible.
You are immune to unholy pain and torment.
You can survive without breathing.


Message History

The warg is heavily wounded.
The warg howls!
You hit the warg. You hit the warg but do no damage.
The warg bites you but does no damage. The warg bites you!
* * * LOW HITPOINT WARNING * * *
The warg bites you but does no damage. The warg bites you.
* * * LOW HITPOINT WARNING * * *
The warg bites you.
* * * LOW HITPOINT WARNING * * *
The warg bites you but does no damage.
You are confused.
You feel invigorated. The warg bites you.
* * * LOW HITPOINT WARNING * * *
The warg bites you but does no damage. x2
You're too confused!
Okay, then.
You're too confused!
You bump into the stone wall.
The warg bites you but does no damage. The warg barely misses you.
The warg bites you!
You die...

#.≈≈≈....# #.≈≈≈..P.#
#.≈≈≈....# #.≈≈≈....#
#.≈≈≈....# #.≈≈≈....#
#+###≈≈....#
############...#≈≈....#
......=.hh@#oo.#≈≈....#
≈≈≈≈≈≈≈≈hhh#####≈≈....#
≈≈≈≈≈≈h≈≈≈≈≈≈≈≈≈≈≈....#
≈≈≈≈≈≈≈≈≈≈≈≈≈≈≈≈≈≈....#
.......P..............#
...............P......#
#######################


You could see 6 wargs.

Vanquished Creatures
  Pikel (D:4)
  Menkaure (D:6)
  An orc warrior (D:6)
  An ice beast (D:7)
  2 sky beasts
  A phantom (D:6)
  2 centaurs
  2 bullfrogs (D:6)
  2 scorpions
  3 killer bees (D:6)
  2 bullfrog zombies
  2 centaur zombies
  2 jellies
  2 bullfrog skeletons (D:5)
  2 hounds
  Crazy Yiuf (D:3)
  A centaur skeleton (D:6)
  An orc priest (D:6)
  2 iguanas (D:5)
  Natasha (twice) (D:3)
  2 orc wizards (D:6)
  5 worker ants
  A hound zombie (D:6)
  A hound skeleton (D:7)
  8 adders
  3 shadow imps (D:6)
  2 oozes
  An adder skeleton (D:4)
  3 worms
  2 dart slugs
  3 leopard geckos
  12 orcs
  A bat zombie (D:1)
  3 giant cockroaches
  10 goblins
  9 hobgoblins
  2 jackals (D:6)
  2 quokkas
  A ball python (D:4)
  3 bats
  6 frilled lizards
  A jackal skeleton (D:6)
  9 kobolds
  A leopard gecko zombie (D:1)
  14 rats
138 creatures vanquished.

Vanquished Creatures (others)
  An ice beast (D:5)
  A crimson imp (D:5)
2 creatures vanquished.

Grand Total: 140 creatures vanquished

Notes
Turn   | Place    | Note
-------+----------+-------------------------------------------
     0 | Abyss:1  | Gargoyl the Ghoul Abyssal Knight began the quest for the Orb.
     0 | Abyss:1  | Reached XP level 1. HP: 19/19 MP: 1/1
    31 | Abyss:2  | Noticed a quasit
    59 | D:1      | Escaped the Abyss
   147 | D:1      | Reached skill level 1 in Dodging
   169 | D:1      | Reached * piety under Lugonu
   169 | D:1      | Reached XP level 2. HP: 21/26 MP: 2/2
   234 | D:1      | Reached skill level 2 in Axes
   373 | D:1      | Reached XP level 3. HP: 33/33 MP: 3/3
   988 | D:2      | Found a stormy altar of Qazlal.
   994 | D:2      | Found a blossoming altar of Fedhas.
  1370 | D:2      | Found a deep blue altar of Sif Muna.
  1379 | D:2      | Reached ** piety under Lugonu
  1379 | D:2      | Reached XP level 4. HP: 39/40 MP: 4/4
  1446 | D:3      | Noticed a centaur
  1701 | D:2      | Killed a centaur
  1701 | D:2      | Reached skill level 3 in Axes
  1701 | D:2      | Reached XP level 5. HP: 32/46 MP: 5/5
  1990 | D:3      | Noticed Natasha
  2015 | D:3      | Killed Natasha
  2073 | D:3      | Found a runed door.
  2133 | D:3      | Reached XP level 6. HP: 50/53 MP: 7/7
  2249 | D:3      | Found a glowing silver altar of Zin.
  2253 | D:3      | Found a hazy altar of Hepliaklqana.
  2258 | D:3      | Found an iron altar of Okawaru.
  2312 | D:3      | Noticed Natasha
  2344 | D:3      | Killed Natasha
  2581 | D:3      | Noticed Crazy Yiuf
  2597 | D:3      | Killed Crazy Yiuf
  2718 | D:4      | Reached skill level 4 in Axes
  2922 | D:4      | Found a staircase to the Ecumenical Temple.
  2981 | D:4      | Found an ancient bone altar of Kikubaaqudgha.
  3054 | D:4      | Reached XP level 7. HP: 58/60 MP: 8/8
  3232 | D:4      | Noticed a moth of wrath
  3235 | D:4      | Found a bloodstained altar of Trog.
  3302 | D:4      | Reached *** piety under Lugonu
  3570 | D:4      | Found an opulent altar of Gozag.
  3688 | D:5      | Entered Level 5 of the Dungeon
  3688 | D:5      | Noticed Pikel
  3725 | D:4      | Killed Pikel
  3725 | D:4      | Reached skill level 5 in Fighting
  3725 | D:4      | Reached XP level 8. HP: 46/67 MP: 8/10
  3857 | D:5      | Reached skill level 5 in Axes
  4089 | D:5      | Found a shadowy altar of Dithmenos.
  4249 | D:5      | Found a glowing golden altar of the Shining One.
  4435 | D:5      | Reached skill level 5 in Armour
  4969 | D:6      | Reached skill level 5 in Invocations
  5053 | D:6      | Found a stormy altar of Qazlal.
  5247 | D:6      | Reached skill level 6 in Axes
  5356 | D:6      | Reached XP level 9. HP: 63/75 MP: 12/12
  5617 | D:6      | Noticed Menkaure
  5625 | D:6      | Killed Menkaure
  6341 | D:7      | Reached skill level 7 in Axes
  6483 | D:7      | Slain by a warg

Skill      XL: |  1  2  3  4  5  6  7  8  9 |
---------------+----------------------------+-----
Dodging        | 1 |  1.1
Armour         | 2 3 4 5 6 |  6.6
Axes           | 2 3 4 6 7 |  7.2
Fighting       | 4 5 6 |  6.1
Invocations    | 3 4 5 |  5.8
Throwing       | |  0.1

Action                   |  1- 3 |  4- 6 |  7- 9 || total
-------------------------+-------+-------+-------++-------
Melee: Hand axe          |   128 |   212 |    16 ||   356
       Broad axe         |       |       |   400 ||   400
Throw: Javelin           |       |       |     3 ||     3
Invok: Depart the Abyss  |     1 |       |       ||     1
       Banish            |       |       |     1 ||     1
       Bend Space        |       |       |     1 ||     1
  Use: Scroll            |     7 |     1 |    13 ||    21
       Potion            |       |     2 |     3 ||     5
  Eat: Chunk             |    11 |    21 |    23 ||    55
       Meat ration       |     1 |       |       ||     1
       Royal jelly       |       |       |     1 ||     1
Armor: Plate armour      |   119 |   247 |   517 ||   883
       Leather armour    |     2 |       |       ||     2
Dodge: Dodged            |    31 |    82 |   149 ||   262
